 Dungeon Crawl Stone Soup version 0.24-a0-250-g6074511 (webtiles) character file.

Game seed: 1293433408025866429

160 Azureo the Chiller (level 5, -8/35 HPs)
             Began as a Human Ice Elementalist on Apr 15, 2019.
             Was an Initiate of Qazlal.
             Mangled by a two-headed ogre
             ... wielding a +0 dire flail
              (17 damage)
             ... on level 4 of the Dungeon.
             The game lasted 00:36:40 (2949 turns).

Azureo the Chiller (Human Ice Elementalist)         Turns: 2949, Time: 00:36:40

Health: -8/35      AC:  3    Str:  8    XL:     5   Next: 69%
Magic:  7/10       EV: 12    Int: 17    God:    Qazlal [......]
Gold:   190        SH:  0    Dex: 13    Spells: 1/11 levels left

rFire    . . .     SeeInvis .   b - +0 short sword
rCold    . . .     Gourm    .   (no shield)
rNeg     . . .     Faith    .   j - +0 leather armour
rPois    .         Spirit   .   (no helmet)
rElec    .         Reflect  .   (no cloak)
rCorr    +         Harm     .   (no gloves)
MR       .....                  (no boots)
Stlth    ++........             (no amulet)
HPRegen  0.11/turn              r - ring of resist corrosion
MPRegen  0.12/turn              (no ring)

@: no status effects
A: no striking features
a: Renounce Religion


You were on level 4 of the Dungeon.
You worshipped Qazlal.
Qazlal was noncommittal.
You were not hungry.

You visited 1 branch of the dungeon, and saw 4 of its levels.

You collected 190 gold pieces.

Inventory:

Hand Weapons
 b - a +0 short sword (weapon)
 m - a +0 morningstar
Missiles
 q - 3 throwing nets (quivered)
Armour
 a - a +0 robe
 e - a +0 robe
 j - a +0 leather armour (worn)
Jewellery
 r - a ring of resist corrosion (left hand)
Scrolls
 g - a scroll of immolation
 i - 4 scrolls of identify
 l - a scroll of teleportation
 p - a scroll of remove curse
Potions
 d - a potion of experience {unknown}
 f - a potion of heal wounds
 h - a potion of degeneration {unknown}
 k - a potion of agility {unknown}
 n - a potion of ambrosia {unknown}
 o - a potion of haste {unknown}
Comestibles
 c - 2 rations


   Skills:
 + Level 0.2 Armour
 + Level 2.2 Dodging
 + Level 2.2 Stealth
 * Level 3.7 Spellcasting
 + Level 1.1 Conjurations
 + Level 4.3 Ice Magic


You had one spell level left.
You knew the following spells:

 Your Spells              Type           Power        Failure   Level  Hunger
a - Freeze                Ice            ###.         3%          1    None
b - Throw Frost           Conj/Ice       ##....       11%         2    ##.....
c - Ozocubu's Armour      Chrm/Ice       ##......     28%         3    ###....
d - Summon Ice Beast      Ice/Summ       ##......     67%         4    ####...

Your spell library contained the following spells:

 Spells                   Type           Power        Failure   Level  Hunger
 Throw Icicle             Conj/Ice       ##......     58%         4    ####...


Dungeon Overview and Level Annotations

Branches:
Dungeon (4/15)
 Temple: D:4-7

Altars:
Okawaru
Qazlal
Uskayaw


Message History

Press: ? - help, Shift-Dir - straight line, f/p - two-headed ogre
Aim: a two-headed ogre, wielding a +0 dire flail and a +0 giant spiked club (lightly wounded)
The puff of frost hits the two-headed ogre!
The two-headed ogre is moderately wounded.
The two-headed ogre closely misses you. The two-headed ogre barely misses you.
Okay, then.
You feel much better.
The two-headed ogre hits you with a +0 dire flail!
The two-headed ogre closely misses you.
Casting: Throw Frost (safe; 11% risk of failure)
Confirm with . or Enter, or press ? or * to list all spells.
Aiming: Freeze (safe; 3% risk of failure)
Press: ? - help, Shift-Dir - straight line, f/p - two-headed ogre
Aim: a two-headed ogre, wielding a +0 dire flail and a +0 giant spiked club You freeze the two-headed ogre.
The two-headed ogre is lightly wounded.
The two-headed ogre hits you with a +0 dire flail!
* * * LOW HITPOINT WARNING * * *
The two-headed ogre hits you with a cursed +0 giant spiked club!
You die...

#....#
#####.....
####.#
#..... #.#
#..... #.#
#..... #.#
#..... #.#
#..).. #.#
#..... #O#
#..... #@#
#..... #.#
#..... #.#
#.# #.#
#.# #+#


You could see a two-headed ogre.

Vanquished Creatures
  2 gnolls (D:4)
  6 adders
  An ooze (D:2)
  2 worms
  9 orcs (D:3)
  5 goblins
  5 hobgoblins
  9 jackals
  8 kobolds
  2 quokkas
  2 ball pythons
  6 bats
  5 frilled lizards
  5 rats
67 creatures vanquished.

Notes
Turn   | Place    | Note
-------+----------+-------------------------------------------
     0 | D:1      | Azureo the Human Ice Elementalist began the quest for the
                  | Orb.
     0 | D:1      | Reached XP level 1. HP: 13/13 MP: 3/3
   292 | D:1      | Reached XP level 2. HP: 19/19 MP: 1/5
   297 | D:1      | Learned a level 2 spell: Throw Frost
   559 | D:2      | Found a hide-covered altar of Uskayaw.
   648 | D:2      | Reached XP level 3. HP: 24/24 MP: 0/6
  1060 | D:2      | Reached XP level 4. HP: 23/30 MP: 0/8
  1312 | D:2      | Learned a level 3 spell: Ozocubu's Armour
  1448 | D:2      | Reached skill level 4 in Ice Magic
  1744 | D:3      | Found an iron altar of Okawaru.
  1877 | D:3      | Reached XP level 5. HP: 34/35 MP: 1/9
  1891 | D:3      | Learned a level 4 spell: Summon Ice Beast
  2221 | D:3      | Found a stormy altar of Qazlal.
  2229 | D:3      | Became a worshipper of Qazlal Stormbringer
  2896 | D:4      | Noticed a two-headed ogre
  2949 | D:4      | Mangled by a two-headed ogre

Levels and vault maps discovered:
D:1:      dpeg_arrival_simpleton_b, layout_loops_ring
D:2:      layout_basic, eat_drink_and_be_merry_uskayaw
D:3:      layout_basic, grunt_qazlal_clouds, lemuel_round_altar
D:4:      layout_basic, first_ration

Skill      XL: |  1  2  3  4 |
---------------+-------------+-----
Ice Magic      | 4 |  4.3
Spellcasting   | 3 |  3.7
Armour         | |  0.2
Dodging        | |  2.2
Stealth        | |  2.2
Conjurations   | |  1.1

Action                   |  1- 3 |  4- 6 || total
-------------------------+-------+-------++-------
Melee: Short sword       |    13 |    26 ||    39
 Cast: Freeze            |    33 |    61 ||    94
       Throw Frost       |     3 |    22 ||    25
       Ozocubu's Armour  |       |     1 ||     1
  Use: Scroll            |     1 |     4 ||     5
       Potion            |       |     1 ||     1
  Eat: Ration            |     1 |     2 ||     3
Armor: Robe              |     2 |       ||     2
       Leather armour    |     8 |    10 ||    18
Dodge: Dodged            |    31 |    65 ||    96

Table legend:
 A = Non-vault XP
 B = Vault XP
 C = Vault XP percentage of total XP
 D = Non-vault monster count
 E = Vault monster count
 F = Vault count percentage of total count
                 A         B        C        D         E       F
            +---------+---------+-------+---------+---------+-------
      Total |     229 |       0 |   0.0 |      67 |       0 |   0.0
            +---------+---------+-------+---------+---------+-------
        D:1 |      22 |       0 |   0.0 |      14 |       0 |   0.0
        D:2 |      82 |       0 |   0.0 |      23 |       0 |   0.0
        D:3 |      95 |       0 |   0.0 |      27 |       0 |   0.0
        D:4 |      30 |       0 |   0.0 |       3 |       0 |   0.0
            +---------+---------+-------+---------+---------+-------
